 Dungeon Crawl Stone Soup version 0.29-a0-369-gd956c00756 (webtiles) character file.

Game seed: 5134204334160772571

146119 ryw the Fighter (level 16, -3/124 HPs)
             Began as a Demonspawn Monk on May 2, 2022.
             Was the Champion of Hepliaklqana.
             Slain by a ghoul (7 damage)
             ... on level 4 of the Swamp.
             The game lasted 01:18:10 (29660 turns).

ryw the Fighter (Demonspawn Monk)                  Turns: 29660, Time: 01:18:11

Health: -3/124     AC: 31    Str: 22      XL:     16   Next: 88%
Magic:  25/25      EV: 18    Int: 17      God:    Hepliaklqana [******]
Gold:   2007       SH: 12    Dex: 26 (27) Spells: 24/27 levels left

rFire   + . .      SeeInvis .   a - +10 double sword of Trauma {flame, rPois Int+4 Dex+4}
rCold   + . .      Faith    .   B - +0 kite shield
rNeg    + . .      Spirit   .   C - +3 plate armour {rN+}
rPois   +          Reflect  .   H - +5 hat "Boisoni" {rElec rCorr}
rElec   +          Harm     .   T - scarf {rC+ rF+}
rCorr   +          Rampage  .   U - +1 pair of gloves {Str+3}
Will    +....                   I - +2 pair of boots
Stlth   ..........              u - amulet of the acrobat
HPRegen 1.10/turn               d - +4 ring of evasion
MPRegen 0.19/turn               J - +6 ring of dexterity

@: slowed, very slow
A: reduced essence, hooves 2, rugged brown scales 1, ignite blood 2, powered by
death 2, thin skeletal structure 1, deterioration 2, regeneration 1, wild magic
1, evolution 1
a: Renounce Religion, Recall Ancestor, Ancestor Identity, Transference, Idealise


You were on level 4 of the Swamp.
You worshipped Hepliaklqana.
Hepliaklqana was exalted by your worship.
You visited 4 branches of the dungeon, and saw 27 of its levels.
You also visited: Bailey and Ice Cave.

You collected 2926 gold pieces.
You spent 919 gold pieces at shops.

Inventory:

Hand Weapons
 a - the +10 double sword of Trauma (weapon) {flame, rPois Int+4 Dex+4}
   (You acquired it on level 9 of the Dungeon)

   It burns those it strikes, dealing additional fire damage.
   Big, fiery blades are also staple armaments of hydra-hunters.
   Int:       It affects your intelligence (+4).
   Dex:       It affects your dexterity (+4).
   rPois:     It protects you from poison.
 v - the +9 sword of Zonguldrok {reap}
   (You found it on level 13 of the Dungeon)

   Any living foe damaged by it may be reanimated upon death as a zombie
   friendly to the wielder, with an increasing chance as more damage is dealt.
Missiles
 b - a throwing net
 e - 4 curare-tipped darts
 j - 38 poisoned darts (quivered)
Armour
 B - a +0 kite shield (worn)
 C - a +3 plate armour of positive energy (worn)
 H - the +5 hat "Boisoni" (worn) {rElec rCorr}
   (You found it on level 8 of the Dungeon)

   rElec:     It insulates you from electricity.
   rCorr:     It protects you from acid and corrosion.
 I - a +2 pair of boots (worn)
 T - a scarf of resistance (worn)
 U - a +1 pair of gloves of strength (worn)
Jewellery
 d - a +4 ring of evasion (left hand)
 r - the amulet "Ugailaf" {rPois rF- rN++ Regen+}
   (You found it on level 12 of the Dungeon)

   [amulet of regeneration]

   rF:        It makes you vulnerable to fire.
   rPois:     It protects you from poison.
   rN:        It greatly protects you from negative energy.
   Regen:     It increases your rate of health regeneration.
 u - an amulet of the acrobat (around neck)
 w - a ring of see invisible
 z - the ring "Solauwe" {Wiz rCorr Int+2}
   (You found it on level 15 of the Dungeon)

   [ring of wizardry]

   It improves your spell success rate.
   Int:       It affects your intelligence (+2).
   rCorr:     It protects you from acid and corrosion.
 J - a +6 ring of dexterity (right hand)
Wands
 c - a wand of paralysis (3)
 i - a wand of acid (2)
 F - a wand of flame (12)
 O - a wand of charming (4)
 R - a wand of digging (15)
 S - a wand of polymorph (10)
Scrolls
 f - a scroll of immolation
 h - a scroll of amnesia
 n - 8 scrolls of teleportation
 q - 4 scrolls of blinking
 s - 2 scrolls of fog
 y - 6 scrolls of magic mapping
 E - 9 scrolls of fear
 K - 3 scrolls of identify
Potions
 g - 6 potions of haste
 k - 2 potions of brilliance
 l - 2 potions of berserk rage
 o - 5 potions of invisibility
 p - 2 potions of lignification
 t - 11 potions of curing
 A - 2 potions of cancellation
 D - 3 potions of ambrosia
 G - 6 potions of flight
 L - 2 potions of mutation
 M - a potion of degeneration {unknown}
 N - 2 potions of attraction
 P - 4 potions of heal wounds
 Y - 3 potions of resistance
Miscellaneous
 m - a condenser vane
 x - a lightning rod (4/4)
 Q - a phial of floods
 W - a phantom mirror


   Skills:
 + Level 14.7 Fighting
 + Level 14.0 Long Blades
 - Level 1.0 Axes
 - Level 2.0 Staves
 - Level 4.3 Slings
 * Level 13.2 Armour
 - Level 11.9 Dodging
 - Level 1.7 Stealth
 - Level 5.0 Shields
 + Level 3.8 Unarmed Combat
 - Level 6.0 Spellcasting
 - Level 4.0 Air Magic
 - Level 10.0 Invocations


You had 24 spell levels left.
You knew the following spells:

 Your Spells              Type           Power      Damage    Failure   Level
a - Swiftness             Air            24%        N/A       95%         3

Your spell library contained the following spells:

 Spells                   Type           Power      Damage    Failure   Level
 Foxfire                  Conj/Fire      24%        2x1d5     99%         1
 Magic Dart               Conj           24%        1d4       99%         1
 Ensorcelled Hibernation  Hex/Ice        12%        N/A       100%        2
 Passwall                 Tmut/Erth      5%         N/A       100%        2
 Searing Ray              Conj           12%        2d4       100%        2
 Sublimation of Blood     Necr           6%         N/A       100%        2
 Conjure Flame            Conj/Fire      6%         6-21      100%        3
 Dazzling Flash           Conj/Hex       12%        N/A       100%        3
 Frozen Ramparts          Ice            12%        1d3       100%        3
 Ignite Poison            Fire/Tmut/Pois 6%         N/A       100%        3
 Inner Flame              Hex/Fire       6%         N/A       100%        3
 Flame Wave               Conj/Fire      6%         2d5       100%        4
 Fulminant Prism          Conj/Hex       3%         3d6       100%        4
 Ice Form                 Ice/Tmut       6%         N/A       100%        4
 Petrify                  Tmut/Erth      6%         N/A       100%        4
 Sticky Flame             Conj/Fire      6%         2d3       100%        4
 Summon Ice Beast         Ice/Summ       6%         N/A       100%        4
 Agony                    Necr           6%         N/A       100%        5
 Irradiate                Conj/Tmut      3%         3d14      100%        5
 Silence                  Hex/Air        7%         N/A       100%        5


Dungeon Overview and Level Annotations

Branches:
Dungeon (15/15)            Temple (0/1) D:4            Lair (6/6) D:10
  Swamp (4/4) Lair:2       Spider (0/4) Lair:4        Slime (0/5) Lair:6
    Orc (2/2) D:9             Elf (0/3) Orc:2        Vaults (0/5) D:14
 Depths (0/4) D:15         Bailey (visited)           IceCv (visited)

Altars:
Hepliaklqana
Trog
Uskayaw
Yredelemnul
Zin
Beogh
Jiyva
Lugonu

Shops:
D:9 ?   D:11 *   Orc:2 ?[*?

Portals:
Abyss: Lair:6

Annotations:
D:8 3 runed translucent doors


Innate Abilities, Weirdness & Mutations

Your life essence is reduced to manifest your ancestor. (-10% HP)
You have hoof-like feet.
You are partially covered in rugged brown scales. (AC +1, +3% HP)
Your demonic aura often causes spilled blood to erupt in flames.
You regenerate health from kills.
You have a somewhat thin skeletal structure. (Dex +2, Stealth+)
Your body often deteriorates upon taking damage.
Your natural rate of healing is unusually fast.
Your spells are a little harder to cast, but a little more powerful.
You have hidden genetic potential.


Message History

The bog body is engulfed in blazing flames.
The bog body touches you! The bog body freezes you! You resist.
The ghoul claws you. The ghoul claws you but does no damage.
You are too injured to fight recklessly!
You are too injured to fight recklessly!
Unknown command.
You are too injured to fight recklessly!
Unknown command.
You are too injured to fight recklessly!
Unknown command.
The bog body attacks as you move away! You block the bog body's attack.
You block the ghoul's attack. The ghoul claws you!
* * * LOW HITPOINT WARNING * * *
Your body deteriorates!
You feel clumsy.
The bog body is engulfed in blazing flames.
The bog body misses you.
You barely miss the bog body.
The bog body is moderately damaged.
The bog body barely misses you. The ghoul misses you. The ghoul claws you.
* * * LOW HITPOINT WARNING * * *
You block the bog body's attack.
Unknown command.
You slash the bog body! You burn the bog body.
The bog body is heavily damaged.
The ghoul barely misses you. x2
The bog body gestures at you while chanting.
The bolt of cold misses you.
You hear a sizzling sound!
You block the bog body's attack. You block the ghoul's attack.
The ghoul completely misses you. The ghoul barely misses you.
The ghoul claws you!
* * * LOW HITPOINT WARNING * * *
You hit the bog body. You burn the bog body.
The bog body is severely damaged.
The bog body gestures at you while chanting.
The bolt of cold hits you!! You resist.
* * * LOW HITPOINT WARNING * * *
You block the bog body's attack. The ghoul closely misses you.
The ghoul claws you!
You die...

§....♣♣♣≈ ≈≈≈≈ .≈≈..♣♣≈.
§≈≈≈. .≈.≈≈≈≈≈. .≈≈≈≈
♣≈≈≈≈≈≈.≈ ♣...≈♣
♣≈≈≈≈§≈≈≈ ♣≈..§♣♣
♣.≈≈≈.♣♣♣ ♣♣♣≈.....♣
..≈.≈♣♣ ♣♣♣♣♣♣♣≈..<≈.♣≈♣
...♣♣♣♣♣♣≈♣♣≈.≈○nn.[≈≈≈♣
.....≈..≈≈.≈≈≈≈≈@n..♣.≈♣
≈≈≈≈≈.♣†≈≈≈.≈≈≈≈.n.≈♣
≈§[..♣♣.≈≈≈.≈≈≈....♣♣
..≈..≈♣♣.≈.≈..≈.≈≈.♣
♣≈♣≈..♣♣♣♣♣♣≈♣♣♣≈≈≈≈♣
♣♣♣♣♣♣♣ ♣♣♣ ♣.≈.♣♣ ♣♣♣♣♣


You could see 2 ghouls and 2 bog bodies.

Vanquished Creatures
  Donald (Orc:1)
  3 thorn hunters
  A fenstrider witch (Swamp:3)
  A ghoul (Swamp:3)
  3 eleionomae
  Azrael (D:13)
  A minotaur (D:12)
  4 bunyips
  Snorg (D:11)
  Josephine (Lair:6)
  A fire dragon (D:11)
  An ice dragon (IceCv)
  3 vault guards
  15 hydras
  3 boulder beetles
  5 alligators
  3 centaur warriors
  A ghost crab (Swamp:3)
  The ghost of RandomusNamus the Carver, a journeyman GrDe of Qazlal (D:12)
  4 two-headed ogres
  A tengu warrior (D:14)
  A thrashing horror (Lair:6)
  A spriggan berserker (Swamp:3)
  3 death yaks
  An orc high priest (Orc:2)
  5 skeletal warriors (D:14)
  6 goliath frogs
  A spriggan druid (Swamp:1)
  3 swamp dragons
  Pikel (D:5)
  6 bog bodies
  6 deep elf pyromancers
  2 wizards
  7 orc knights
  3 necromancers
  4 orc sorcerers
  4 cyclopes
  11 ugly things
  An elephant (Lair:4)
  3 will-o-the-wisps
  2 manticores
  A centaur zombie (D:15)
  6 black mambas
  A guardian serpent (shapeshifter) (Lair:6)
  2 ice statues (IceCv)
  A molten gargoyle (D:15)
  3 gargoyles
  7 cane toads
  A smoke demon (Lair:6)
  6 rime drakes
  A centaur skeleton (D:15)
  12 komodo dragons
  A kobold demonologist (D:11)
  A yaktaur (D:14)
  A demonic crawler (Lair:4)
  A tengu conjurer (D:14)
  A queen bee (shapeshifter) (Lair:6)
  5 tyrant leeches
  An ancient zyme (Lair:6)
  A bloated husk (Swamp:3)
  A meliai (shapeshifter) (Lair:6)
  7 hornets
  7 trolls
  4 polar bears
  26 blink frogs
  13 slime creatures
  9 dream sheep
  A ynoxinul (Lair:6)
  A centaur simulacrum (D:15)
  A vampire (D:12)
  3 wraiths
  7 basilisks
  15 spriggans
  4 wyverns
  44 yaks
  7 hogs (Lair:4)
  20 humans
  A fire elemental (D:13)
  4 redbacks
  14 vampire mosquitoes
  A large abomination (Lair:6)
  12 swamp worms
  A warg (D:9)
  Duvessa (D:7)
  7 acid dragons
  12 water moccasins
  19 orc warriors
  A swamp drake (Swamp:2)
  4 hell hounds (D:13)
  2 sky beasts
  A black bear (shapeshifter) (D:13)
  An ice beast (D:8)
  3 black bears
  8 ogres
  12 wolves
  8 centaurs
  A lemure (D:5)
  13 bullfrogs
  2 cyclops zombies (Orc:1)
  2 necrophages
  3 scorpions (Lair:4)
  6 wights (D:7)
  Dowan (D:7)
  A hornet simulacrum (D:14)
  3 killer bees
  2 lindwurm simulacra (IceCv)
  2 howler monkeys
  An electric eel (Lair:5)
  2 komodo dragon simulacra (IceCv)
  3 lava snakes (D:15)
  Crazy Yiuf (D:6)
  A jelly (D:4)
  10 orc priests
  2 hounds (D:4)
  A hexer (D:8)
  10 iguanas
  18 orc wizards
  6 hell rats (Lair:6)
  7 small abominations (Lair:6)
  An ogre skeleton (Orc:1)
  A mummy (D:8)
  4 gnolls
  7 acid dragon simulacra (IceCv)
  2 adders
  A river rat (D:10)
  10 white imps
  An ufetubus (D:5)
  7 steam dragon simulacra (IceCv)
  2 worms
  2 dart slugs
  48 orcs
  9 endoplasms
  15 giant cockroaches
  12 goblins
  2 hobgoblins
  3 jackals
  15 kobolds
  3 quokkas
  9 ball pythons
  6 bats
  6 frilled lizards
  6 rats
  2 briar patches (Swamp:3)
733 creatures vanquished.

Vanquished Creatures (collateral kills)
  Kirke (Lair:4)
  An eleionoma (Swamp:3)
  A bunyip (Swamp:1)
  2 boulder beetles (D:8)
  A catoblepas (Lair:6)
  An alligator (Swamp:1)
  A hydra (Swamp:3)
  A thrashing horror (Lair:6)
  2 orc high priests (Orc:2)
  2 goliath frogs (Swamp:1)
  A spriggan druid (Swamp:2)
  A bog body (Lair:2)
  A deep elf pyromancer (D:12)
  An ugly thing (D:9)
  An orc sorcerer (Orc:1)
  A black mamba (D:10)
  Maurice (Orc:2)
  A centaur skeleton (D:15)
  A torpor snail (Lair:4)
  3 cane toads
  An unseen horror (D:11)
  A hornet (Swamp:1)
  Prince Ribbit (Bailey)
  3 blink frogs (Lair:6)
  4 slime creatures
  A dream sheep (Lair:2)
  2 centaur simulacra
  A shadow (D:9)
  A spriggan (Swamp:2)
  2 wraiths (Lair:6)
  3 humans (D:14)
  2 ynoxinuls (Lair:6)
  A basilisk (Lair:6)
  A fire elemental (D:15)
  A redback (D:8)
  8 yaks
  A warg (Orc:1)
  2 swamp worms
  A water moccasin (Lair:4)
  A sky beast (D:8)
  3 orc warriors
  2 centaurs
  2 wolves
  2 kobold brigands
  Blork the orc (D:4)
  5 bullfrogs
  2 scorpions
  2 wights (D:7)
  5 killer bees
  2 howler monkeys
  A hound (D:4)
  A gnoll shaman (D:9)
  3 jellies
  An orc priest (Orc:1)
  3 iguanas
  8 orc wizards
  A hell rat (Lair:6)
  A small abomination (Lair:6)
  2 acid dragon simulacra (IceCv)
  3 gnolls
  3 white imps (D:13)
  A steam dragon simulacrum (IceCv)
  2 worms (D:3)
  21 orcs
  An endoplasm (D:3)
  6 giant cockroaches
  2 goblins (D:9)
  3 hobgoblins
  3 kobolds
  A bat (D:3)
  A frilled lizard (D:2)
157 creatures vanquished.

Vanquished Creatures (others)
  2 bloated husks (Swamp:2)
  A fire elemental (D:13)
  2 electric eels
  21 hexers
  An orc (Orc:2)
  A kobold (D:10)
  5 briar patches (Swamp:3)
  5 foxfires
  29 fungi
  35 plants
102 creatures vanquished.

Grand Total: 992 creatures vanquished

Notes
Turn   | Place    | Note
-------+----------+-------------------------------------------
     0 | D:1      | ryw the Demonspawn Monk began the quest for the Orb.
     0 | D:1      | Reached XP level 1. HP: 18/18 MP: 1/1
   490 | D:1      | Gained mutation: You regenerate a little health from kills.
                  | [demonic ancestry]
   490 | D:1      | Reached XP level 2. HP: 23/24 MP: 2/2
  1213 | D:1      | Reached XP level 3. HP: 30/30 MP: 3/3
  1570 | D:2      | Found a hazy altar of Hepliaklqana.
  1587 | D:2      | Became a worshipper of Hepliaklqana the Forgotten
  1587 | D:2      | Reached * piety under Hepliaklqana
  1587 | D:2      | Reached ** piety under Hepliaklqana
  1588 | D:2      | Remembered your ancestor Quintus as a hexer
  1598 | D:2      | Reached skill level 1 in Axes
  1907 | D:2      | Found a faded altar of an unknown god.
  2165 | D:3      | Found a hide-covered altar of Uskayaw.
  2166 | D:3      | Noticed a +0 hand axe
  2166 | D:3      | Noticed a +0 dagger
  2434 | D:3      | Gained mutation: You are clumsy. (Dex -2) [potion of
                  | mutation]
  2434 | D:3      | Gained mutation: You are strong-willed. (Will+) [potion of
                  | mutation]
  2435 | D:3      | Lost mutation: You are strong-willed. (Will+) [potion of
                  | mutation]
  2435 | D:3      | Lost mutation: You are clumsy. (Dex -2) [potion of
                  | mutation]
  2435 | D:3      | Gained mutation: You are clumsy. (Dex -2) [potion of
                  | mutation]
  2435 | D:3      | Gained mutation: You are dopey. (Int -2) [potion of
                  | mutation]
  2435 | D:3      | Gained mutation: You possess an exceptional clarity of
                  | mind. [potion of mutation]
  2547 | D:3      | Gained mutation: Your demonic aura sometimes causes spilled
                  | blood to erupt in flames. [demonic ancestry]
  2547 | D:3      | Reached XP level 4. HP: 34/34 MP: 4/4
  2655 | D:3      | Noticed a scorpion
  2660 | D:3      | Reached skill level 5 in Fighting
  2663 | D:3      | Killed a scorpion
  2664 | D:3      | Reached XP level 5. HP: 40/40 MP: 5/5
  3244 | D:4      | Found a staircase to the Ecumenical Temple.
  3431 | D:4      | Reached XP level 6. HP: 43/47 MP: 6/6
  3517 | D:4      | Noticed Blork the orc
  3519 | D:4      | Found a hazy altar of Hepliaklqana.
  3524 | D:4      | Killed Blork the orc
  3525 | D:4      | Found a faded altar of an unknown god.
  3525 | D:4      | Reached *** piety under Hepliaklqana
  4076 | D:4      | Reached skill level 1 in Invocations
  4128 | D:4      | Reached skill level 1 in Staves
  4128 | D:4      | Reached XP level 7. HP: 54/54 MP: 6/8
  4616 | D:5      | Entered Level 5 of the Dungeon
  4745 | D:5      | Found a basalt altar of Yredelemnul.
  4746 | D:5      | Noticed Pikel
  4970 | D:5      | Killed Pikel
  4971 | D:5      | Gained mutation: Your demonic aura often causes spilled
                  | blood to erupt in flames. [demonic ancestry]
  4971 | D:5      | Reached XP level 8. HP: 35/62 MP: 8/11
  5118 | D:5      | Reached skill level 5 in Invocations
  5619 | D:6      | Reached skill level 5 in Dodging
  5630 | D:6      | Gained mutation: You regenerate health from kills. [demonic
                  | ancestry]
  5630 | D:6      | Reached XP level 9. HP: 56/69 MP: 12/12
  5850 | D:6      | Reached **** piety under Hepliaklqana
  5937 | D:6      | Found a runed translucent door.
  5938 | D:6      | Noticed Crazy Yiuf
  5943 | D:6      | Killed Crazy Yiuf
  6211 | D:7      | Reached skill level 10 in Fighting
  6938 | D:7      | Noticed Dowan
  6939 | D:7      | Noticed Duvessa
  6948 | D:7      | Killed Duvessa
  6950 | D:7      | Killed Dowan
  7619 | D:8      | Found a runed translucent door.
  7635 | D:8      | Reached XP level 10. HP: 47/78 MP: 13/13
  8942 | D:8      | Identified the +5 hat "Boisoni" {rElec rCorr}
  8948 | D:8      | Found a runed translucent gate.
  8948 | D:8      | Found a runed translucent gate.
  8948 | D:8      | Found a runed translucent gate.
  8948 | D:8      | Found a runed translucent gate.
  8948 | D:8      | Found a runed translucent gate.
  8948 | D:8      | Noticed a boulder beetle
  8948 | D:8      | Noticed a boulder beetle
  8973 | D:8      | Found a runed translucent gate.
  8973 | D:8      | Noticed a lindwurm
  9511 | D:8      | Killed a boulder beetle
  9727 | D:8      | Killed a boulder beetle
  9835 | D:8      | Noticed a deep elf pyromancer
  9841 | D:8      | Killed a deep elf pyromancer
 10020 | D:9      | Found a flagged portal.
 10076 | Bailey   | Entered a bailey
 10156 | Bailey   | Noticed Prince Ribbit
 10156 | Bailey   | Noticed a vault guard
 10182 | Bailey   | Killed Prince Ribbit
 10183 | Bailey   | Reached skill level 1 in Armour
 10185 | Bailey   | Killed a vault guard
 10186 | Bailey   | Reached skill level 10 in Dodging
 10186 | Bailey   | Reached XP level 11. HP: 77/86 MP: 12/15
 10342 | Bailey   | Noticed a vault guard
 10352 | Bailey   | Killed a vault guard
 10511 | D:9      | Found Ymuh's Magic Scroll Boutique.
 10535 | D:9      | Reached ***** piety under Hepliaklqana
 10678 | D:9      | Found a staircase to the Orcish Mines.
 10789 | D:9      | Noticed a purple ugly thing
 10797 | D:9      | Killed a purple ugly thing
 11266 | D:10     | Entered Level 10 of the Dungeon
 11365 | D:10     | Noticed a death yak
 11370 | D:10     | Noticed a death yak
 11372 | D:10     | Killed a death yak
 11601 | D:9      | Killed a death yak
 11668 | D:10     | Noticed a death yak
 11795 | D:10     | Killed a death yak
 11947 | D:10     | Found a staircase to the Lair.
 12519 | D:10     | Lost mutation: You are clumsy. (Dex -2) [potion of
                  | mutation]
 12519 | D:10     | Lost mutation: You possess an exceptional clarity of mind.
                  | [potion of mutation]
 12519 | D:10     | Lost mutation: You are dopey. (Int -2) [potion of mutation]
 12519 | D:10     | Gained mutation: Armour fits poorly on your strangely
                  | shaped body. [potion of mutation]
 12519 | D:10     | Gained mutation: You have hidden genetic potential. [potion
                  | of mutation]
 12685 | Lair:1   | Entered Level 1 of the Lair of Beasts
 12717 | Lair:1   | Gained mutation: You are partially covered in rugged brown
                  | scales. (AC +1, +3% HP) [demonic ancestry]
 12717 | Lair:1   | Reached XP level 12. HP: 64/97 MP: 18/18
 12862 | Lair:1   | Reached skill level 1 in Spellcasting
 12970 | Lair:1   | Reached skill level 5 in Armour
 13313 | Lair:1   | Noticed an eight-headed hydra
 13872 | D:9      | Bought a scroll of acquirement for 624 gold pieces
 13873 | D:9      | Acquired the +10 double sword of Trauma {flame, rPois Int+4
                  | Dex+4}
 14126 | D:10     | Killed a six-headed hydra
 14794 | Lair:2   | Reached skill level 1 in Shields
 14795 | Lair:2   | Found a staircase to the Swamp.
 14966 | Lair:2   | Reached skill level 5 in Long Blades
 14986 | Lair:2   | Gained mutation: Your natural rate of healing is unusually
                  | fast. [hidden potential]
 15059 | Lair:2   | Noticed an eight-headed hydra
 15064 | Lair:2   | Killed a six-headed hydra
 15620 | Lair:2   | Noticed a seven-headed hydra
 15625 | Lair:2   | Killed a three-headed hydra
 15815 | Lair:3   | Reached XP level 13. HP: 93/104 MP: 20/20
 15837 | Lair:3   | Reached ****** piety under Hepliaklqana
 16787 | Lair:4   | Found a hole to the Spider Nest.
 17150 | Lair:4   | Reached skill level 5 in Shields
 17587 | Lair:5   | Gained mutation: You have great hidden genetic potential.
                  | [hidden potential]
 17587 | Lair:5   | Lost mutation: You have great hidden genetic potential.
                  | [hidden potential expressed]
 17613 | Lair:5   | Noticed Kirke
 17648 | Lair:4   | Reached skill level 10 in Invocations
 17700 | Lair:4   | Killed Kirke
 17849 | Lair:5   | Learned a level 3 spell: Swiftness
 18059 | Lair:5   | Reached skill level 1 in Air Magic
 18446 | Lair:6   | Entered Level 6 of the Lair of Beasts
 18504 | Lair:6   | Reached skill level 10 in Long Blades
 18582 | Lair:6   | Noticed Josephine
 18588 | Lair:6   | Killed Josephine
 18595 | Lair:6   | Reached XP level 14. HP: 111/111 MP: 21/21
 18808 | Lair:6   | Found a viscous altar of Jiyva.
 18809 | Lair:6   | Found a staircase to the Slime Pits.
 18931 | Lair:6   | Reached skill level 5 in Spellcasting
 19110 | Lair:6   | Gained mutation: You have great hidden genetic potential.
                  | [hidden potential]
 19316 | Lair:6   | Found a corrupted altar of Lugonu.
 19316 | Lair:6   | Found a one-way gate to the infinite horrors of the Abyss.
 19961 | Orc:1    | Entered Level 1 of the Orcish Mines
 20246 | Orc:1    | You fall into a shaft and drop 1 floor!
 20246 | Orc:2    | Entered Level 2 of the Orcish Mines
 20246 | Orc:2    | Found a staircase to the Elven Halls.
 20753 | Orc:2    | Noticed Maurice
 20795 | Orc:2    | Killed Maurice
 21035 | Orc:2    | Paralysed by an orc sorcerer for 5 turns
 21095 | Orc:2    | Noticed Donald
 21179 | Orc:1    | Killed Donald
 21739 | Orc:2    | Gained mutation: You are dopey. (Int -2) [a neqoxec]
 21760 | Orc:2    | Gained mutation: You occasionally shout uncontrollably at
                  | your foes. [a neqoxec]
 21765 | Orc:2    | Gained mutation: You are frail. (-10% HP) [a neqoxec]
 21767 | Orc:2    | Gained mutation: Your body sometimes deteriorates upon
                  | taking damage. [a neqoxec]
 21899 | Orc:2    | Found Baasocw's Magic Scroll Boutique.
 21899 | Orc:2    | Found Yguuca's Magic Scroll Shoppe.
 21901 | Orc:2    | Found Niguor's Assorted Antiques.
 21901 | Orc:2    | Found Qilotera's Antique Armour Shoppe.
 21910 | Orc:2    | Bought a pair of embroidered gloves for 150 gold pieces
 21929 | Orc:2    | Bought a potion of heal wounds for 145 gold pieces
 22137 | D:11     | Found Suaxaonk's Neck Hole.
 22587 | D:11     | Noticed Snorg
 22597 | D:11     | Killed Snorg
 22641 | D:11     | Lost mutation: You are dopey. (Int -2) [potion of mutation]
 22641 | D:11     | Lost mutation: You are frail. (-10% HP) [potion of
                  | mutation]
 22641 | D:11     | Lost mutation: Armour fits poorly on your strangely shaped
                  | body. [potion of mutation]
 22641 | D:11     | Gained mutation: You have a somewhat thin skeletal
                  | structure. (Dex +2, Stealth+) [potion of mutation]
 22641 | D:11     | Lost mutation: You occasionally shout uncontrollably at
                  | your foes. [potion of mutation]
 22641 | D:11     | Gained mutation: Your body often deteriorates upon taking
                  | damage. [potion of mutation]
 23267 | D:12     | Found a runed translucent gate.
 23267 | D:12     | Found a runed translucent gate.
 23267 | D:12     | Found a runed translucent gate.
 23303 | D:12     | Noticed RandomusNamus's ghost (journeyman GrDe)
 23441 | D:12     | Gained mutation: You have large cloven feet. [demonic
                  | ancestry]
 23441 | D:12     | Reached XP level 15. HP: 118/118 MP: 24/24
 24031 | D:12     | Reached skill level 1 in Slings
 24088 | D:12     | Identified the amulet "Ugailaf" {rPois rF- rN++ Regen+}
 24385 | D:12     | Killed RandomusNamus's ghost
 24411 | D:12     | Gained mutation: Your spells are a little harder to cast,
                  | but a little more powerful. [hidden potential]
 24411 | D:12     | Lost mutation: You have great hidden genetic potential.
                  | [hidden potential expressed]
 24571 | D:13     | Noticed Azrael
 24603 | D:13     | Killed Azrael
 24653 | D:13     | Found the +9 sword of Zonguldrok {reap}
 24741 | D:13     | Found a frozen archway.
 24763 | IceCv    | Entered an ice cave
 25905 | D:14     | Identified the +4 dagger of Victory {freeze, rF+ Dex+3}
 26310 | D:14     | Found a gate to the Vaults.
 26627 | D:15     | Entered Level 15 of the Dungeon
 26736 | D:15     | Reached skill level 10 in Armour
 26752 | D:15     | Found a staircase to the Depths.
 26847 | D:15     | Identified the ring "Solauwe" {Wiz rCorr Int+2}
 27094 | D:15     | Gained mutation: You have hoof-like feet. [demonic
                  | ancestry]
 27094 | D:15     | Reached XP level 16. HP: 124/124 MP: 25/25
 27107 | D:15     | Found a bloodstained altar of Trog.
 27526 | Swamp:1  | Entered Level 1 of the Swamp
 27619 | Swamp:1  | You fall into a shaft and drop 1 floor!
 28074 | Swamp:2  | Noticed a thorn hunter
 28090 | Swamp:2  | Killed a thorn hunter
 28705 | Swamp:3  | Noticed a thorn hunter
 28730 | Swamp:3  | Killed a thorn hunter
 29260 | Swamp:3  | Noticed a thorn hunter
 29268 | Swamp:3  | Killed a thorn hunter
 29483 | Swamp:4  | Entered Level 4 of the Swamp
 29660 | Swamp:4  | HP: 4/124 [bog body/bolt of cold (20)]
 29660 | Swamp:4  | Slain by a ghoul

Illustrated notes

Levels and vault maps discovered:
D:1:      lemuel_arrival_hallway, layout_loops_corners, minmay_small_reverse_x
D:2:      layout_loops_ring, dreamdust_ecumenical_altar_angels_and_demons,
          basic_altar, serial_bayou_pond_d, minmay_distorted
D:3:      minmay_roachtagon, layout_basic, dancing_weapons_uskayaw,
          minmay_checkerbox
D:4:      layout_loops_corners, beargit_hepliaklqana_dungeon_heroes,
          temple_green
D:5:      layout_loops_ring, mainiacjoe_overflow_chevrons,
          nicolae_elevator_lobby_plus, uniq_pikel
D:6:      layout_rooms, uniq_crazy_yiuf_cottage, uniq_blork_the_orc
D:7:      layout_loops_ring, uniq_duvessa
D:8:      gammafunk_indiana_jones, layout_rooms, gup_ossuary_entry_pyramid,
          minmay_chambers_of_fives
D:9:      layout_long_grid, erik_orc_3, serial_shops, nicolae_shop_trees,
          enter_bailey_5
D:10:     layout_basic, dpeg_lair_monsters, minmay_tree_intersection
D:11:     layout_layer_cave, nicolae_shop_sticking_my_neck_out, uniq_snorg
D:12:     layout_loops_corners, maelrawn_ghost_gauntlet_escape,
          minmay_mirror_moons_of_madness
D:13:     layout_irregular_city, portal_ice_cave_entry_imps, uniq_azrael
D:14:     layout_layer_cave, grunt_vaults_entry_tiered,
          dreamdust_princess_corridor, grunt_decor_one_mirror, zin_academy
D:15:     grunt_enter_depths_magical_seal, layout_basic, bloody_trog,
          lemuel_freeze_loot_1
Lair:1:   beast_lair_carwin_large_4, layout_regular_city,
          eino_small_chamber_without_monster, chequers_serial_rivers_micro_d,
          lemuel_fruit_tree
Lair:2:   cheibrodos_lair_river_kwai, layout_cave_shapes,
          nicolae_swamp_entry_splash_gauntlet, forest_entry_grove,
          grunt_megastairs_2
Lair:3:   layout_cave_pods, minivault_26
Lair:4:   layout_layer_cave, nicolae_spider_entry_non_spiders,
          serial_bayou_pond_b, serial_bayou_shore_b
Lair:5:   layout_concentric_octagons, gauntlet_entry_generic,
          dreamdust_mushroom_princess, infiniplex_staircase_pool, uniq_kirke
Lair:6:   hellmonk_lair_end_abyssal_woods, layout_regular_city,
          dpeg_slime_entry_enclosed_altar, uniq_josephine
Swamp:1:  layout_falls_marsh, hangedman_swamp_ruin_wall, swamp_pool1
Swamp:2:  nicolae_swamp_secret_spriggan_hideout, layout_basic_swamp,
          nicolae_swamp_feature_on_the_river_bank
Swamp:3:  nzn_winding_woodlands_small
          [nzn_winding_woodlands_5x15_river_crossing,
          nzn_winding_woodlands_center_lodge,
          nzn_winding_woodlands_5x15_pockets], layout_falls_marsh,
          nicolae_swamp_treefoil, swamp_pool1
Swamp:4:  swamp_old_school, layout_basic_swamp
Orc:1:    dreamdust_under_siege, layout_caves
Orc:2:    grunt_orc_tribal_feast, layout_caves, enter_volcano_2,
          nicolae_orc_sculptors_studio, uniq_maurice, uniq_donald

Skill      XL: |  1  2  3  4  5  6  7  8  9 10 11 12 13 14 15 16 |
---------------+-------------------------------------------------+-----
Fighting       | 4 5 6 7 8 9 11 12 13 14 | 14.7
Axes           | 1 |  1.0
Invocations    | 1 4 5 8 9 10 | 10.0
Staves         | 1 2 |  2.0
Dodging        | 3 4 5 8 10 11 | 11.9
Armour         | 1 4 5 7 10 13 | 13.2
Spellcasting   | 2 4 6 |  6.0
Long Blades    | 7 10 11 13 14 | 14.0
Shields        | 3 5 |  5.0
Air Magic      | 2 4 |  4.0
Slings         | 4 |  4.3
Unarmed Combat | 3 |  3.8
Stealth        | |  1.7

Action                   |  1- 3 |  4- 6 |  7- 9 | 10-12 | 13-15 | 16-18 || total
-------------------------+-------+-------+-------+-------+-------+-------++-------
Melee: Unarmed           |    36 |       |       |       |       |       ||    36
       War axe           |    73 |    59 |       |       |       |       ||   132
       Punch             |     4 |       |       |       |       |       ||     4
       Quarterstaff      |       |    16 |   158 |   308 |       |       ||   482
       Double sword      |       |       |       |    78 |   827 |   268 ||  1173
 Fire: Hunting sling     |       |       |       |       |    15 |       ||    15
Throw: Dart              |       |       |       |    10 |       |       ||    10
Invok: Recall Ancestor   |     1 |       |     2 |     7 |     6 |     2 ||    18
       Ancestor Life: He |     1 |       |       |       |       |       ||     1
Evoke: Wand              |       |       |       |     1 |     1 |       ||     2
       Phantom mirror    |       |       |       |       |     1 |       ||     1
       Condenser vane    |       |       |       |       |     1 |       ||     1
  Use: Potion            |     4 |       |       |     6 |     4 |       ||    14
       Scroll            |     6 |     2 |    13 |     6 |    11 |     1 ||    39
 Stab: Sleeping          |    10 |     2 |     3 |       |       |       ||    15
       Confused          |       |     5 |     5 |     9 |    22 |     5 ||    46
       Distracted        |       |     2 |     1 |     5 |    23 |     7 ||    38
       Paralysed         |       |       |       |       |    19 |    18 ||    37
Armor: Robe              |    27 |    13 |    15 |       |       |       ||    55
       Chain mail        |       |       |     4 |   146 |   125 |       ||   275
       Plate armour      |       |       |       |       |   206 |    98 ||   304
Dodge: Dodged            |    86 |    53 |   139 |   391 |   738 |   176 ||  1583
Block: Buckler           |       |       |       |    22 |   119 |       ||   141
       Kite shield       |       |       |       |       |   301 |   138 ||   439

Table legend: (Time is in decaauts)
 A = Elapsed time spent in this place.
 B = Non-inter-level travel time spent in this place.
 C = Inter-level travel time spent in this place.
 D = Time resting spent in this place.
 E = Time spent auto-exploring this place.
 F = Levels seen in this place.
 G = Mean time per level.
                   A        B        C        D        E       F      G
               +--------+--------+--------+--------+--------+-----+--------+
         Total |  30160 |  28013 |   2147 |   4048 |  17979 |  29 | 1040.0 |
       Dungeon |  18559 |  17240 |   1319 |   3567 |  10344 |  15 | 1237.3 |
          Lair |   6694 |   6121 |    573 |    232 |   4733 |   6 | 1115.7 |
         Swamp |   2337 |   2233 |    104 |    120 |   1540 |   4 |  584.2 |
  Orcish Mines |   1895 |   1744 |    151 |    129 |   1035 |   2 |  947.5 |
        Bailey |    311 |    311 |      0 |      0 |    149 |   1 |  311.0 |
      Ice Cave |    363 |    363 |      0 |      0 |    176 |   1 |  363.0 |
               +--------+--------+--------+--------+--------+-----+--------+

Top non-repeatable levels by time:
     D:7: 2586 daAuts
    D:10: 2000 daAuts
     D:1: 1466 daAuts
  Lair:1: 1451 daAuts
     D:9: 1413 daAuts
     D:4: 1403 daAuts
  Lair:6: 1361 daAuts
     D:3: 1268 daAuts
    D:11: 1232 daAuts
    D:14: 1188 daAuts
    D:12: 1178 daAuts
  Lair:4: 1089 daAuts
  Lair:2: 1035 daAuts
   Orc:1: 979 daAuts
     D:8: 973 daAuts
